 Zot Defence DCSS version 0.15.2 (webtiles) character file.

7768 Jannitor the Grappler (level 11, -5/150 (186) HPs)
             Began as a Troll Monk on July 4, 2017.
             Was a High Priest of Jiyva.
             Slain by a wolf spider (7 damage)
             ... in the Realm of Zot (Scenario I: Hall of Zot).
             The game lasted 00:20:01 (1631 turns).

Jannitor the Grappler (Troll Monk)                  Turns: 1631, Time: 00:20:02

HP  -5/150 (186) AC  6     Str 24      XL: 11   Next:  1%
MP   3/4         EV 15     Int  9      God: Jiyva [*****.]
Gold 0           SH  0     Dex 16      Spells:  0 memorised, 10 levels left

rFire  . . .     SeeInvis .       - Unarmed
rCold  . . .     Clarity  .     a - +0 robe (curse)
rNeg   . . .     rCorr    +     (shield restricted)
rPois  .         rRot     .     (helmet restricted)
rElec  .         Spirit   .     (no cloak)
SustAb .         Warding  .     (gloves unavailable)
rMut   .         Stasis   .     (boots unavailable)
Gourm  +                        (no amulet)
MR     .....                    (no ring)
                                (no ring)

@: berserking, lethally poisoned, slowed, not resistant to hostile enchantments,
extremely unstealthy
A: unfitting armour, claws 3, molten scales 1, breathe flames 1, clever 1, fast
metabolism 3, gourmand, regeneration 2, robust 1, saprovore 2, shaggy fur 1,
tough skin 2
a: Make oklob sapling, Make arrow trap, Make plant, Remove Curse, Make burning
bush, Make altar, Make grenades, Make oklob plant, Make net trap, Make ice
statue, Make spear trap, Make alarm trap, Request Jelly, Jelly Paralyse,
Slimify, Cure Bad Mutation, Renounce Religion, Breathe Fire


You were in the Realm of Zot.
You worshipped Jiyva.
Jiyva was extremely pleased with you.
You were not hungry.

You visited 1 branch

Inventory:

Armour
 a - a cursed +0 robe (worn)
Comestibles
 c - 2 meat rations
Scrolls
 h - a scroll of blinking
Potions
 b - a potion of curing
 e - a potion of haste
 f - 2 potions of magic


   Skills:
 + Level 8.8 Fighting
 + Level 8.7 Dodging
 - Level 1.1 Stealth
 + Level 10.5 Unarmed Combat


You had 10 spell levels left.
You didn't know any spells.

Dungeon Overview and Level Annotations

Branches:
    Zot (1/1)

Altars:
Jiyva


Innate Abilities, Weirdness & Mutations

You are too large for most types of armour.
You have claws for hands.
Your metabolism is lightning-fast.
You like to eat raw meat.
You heal very quickly.
You can eat rotten meat.
You are covered in fur (AC +1).
You have very tough skin (AC +2).
You are partially covered in molten scales (AC +1).
You can breathe flames.
Your mind is acute. (Int +2)
You are robust (+10% HP).


Message History

The jelly dies!
Your oklob sapling spits acid at the wolf spider.
The splash of acid hits the red wasp.
Unknown command.
Unknown command.
Unknown command.
Unknown command.
Drink which item? (? for menu, Esc to quit)
A red film seems to cover your vision as you go berserk!
You feel yourself moving faster!
You feel mighty! The wolf spider closely misses you.
The wolf spider barely misses you.
Your oklob sapling spits acid at the wolf spider.
The splash of acid hits the wolf spider.
Your oklob sapling spits acid at the wolf spider.
The splash of acid hits the wolf spider.
The red wasp stings you!
* * * LOW HITPOINT WARNING * * *
You are lethally poisoned!
You feel yourself slow down. The wolf spider hits you!
You die...

######### ######### ....####
####.... .......### ###....P..
.........## ##J.....P..
..........# ▓▓▓▓▓▓▓▓▓ #.....JPP..
..........▓▓▓P.P8PP.▓▓▓..P....P..
....J.....▓▓PJ.......▓▓..........
..........▓sP(...s...^▓..........
..........(.P(..@ss..^...........
....J.P...▓.P....y....▓..........
..........▓▓P........▓▓..........
..........▓▓▓..PPPPP▓▓▓..........
....J.....▓ ▓▓▓▓▓▓▓▓▓ ▓..........
......J.J▓▓ ▓▓.........
.......▓▓▓ ▓▓▓....... ....▓▓▓▓
▓▓▓▓J... ▓▓▓▓▓▓▓▓ ▓▓▓▓▓▓▓▓


You could see 3 wolf spiders, a red wasp, a redback, a neutral slime creature
(fellow slime), a friendly ice statue, a friendly burning bush and 8 friendly
oklob saplings.

Vanquished Creatures
  An orc knight (Zot)
  A hill giant (Zot)
  A wolf spider (Zot)
  A yak (Zot)
  A centaur (Zot)
  4 big kobolds (Zot)
  A wight (Zot)
  3 hounds (Zot)
  A black bear zombie (Zot)
  A worm (Zot)
  4 oozes (Zot)
  A ball python (Zot)
  A giant cockroach (Zot)
  3 goblins (Zot)
  2 hobgoblins (Zot)
  2 jackals (Zot)
  4 giant newts (Zot)
  4 kobolds (Zot)
  A rat (Zot)
37 creatures vanquished.

Vanquished Creatures (collateral kills)
  A deep elf knight (Zot)
  A red wasp (Zot)
  A wolf spider (Zot)
  A hill giant zombie (Zot)
  A vampire mosquito (Zot)
  Menkaure (Zot)
  A black bear (Zot)
  Sigmund (Zot)
  8 giant frogs (Zot)
  An iguana (Zot)
  A hound (Zot)
  3 orc wizards (Zot)
  A gnoll shaman (Zot)
  3 adders (Zot)
  2 gnolls (Zot)
  4 giant mites (Zot)
  An orc (Zot)
  A giant cockroach (Zot)
  6 hobgoblins (Zot)
  2 jackals (Zot)
  A quokka (Zot)
  3 ball pythons (Zot)
  7 bats (Zot)
  3 giant newts (Zot)
  3 goblins (Zot)
  3 kobolds (Zot)
  6 rats (Zot)
67 creatures vanquished.

Vanquished Creatures (others)
  2 wolf spiders (Zot)
  7 burning bushes (Zot)
  2 black bears (Zot)
  A centaur (Zot)
  3 giant frogs (Zot)
  10 oklob saplings (Zot)
  19 jellies (Zot)
  An ogre skeleton (Zot)
  A gnoll (Zot)
  An adder (Zot)
  A giant mite (Zot)
  A worm (Zot)
  2 oozes (Zot)
  3 orcs (Zot)
  2 ball pythons (Zot)
  9 hobgoblins (Zot)
  4 jackals (Zot)
  2 bats (Zot)
  A giant spore (Zot)
  9 goblins (Zot)
  4 rats (Zot)
  8 plants (Zot)
93 creatures vanquished.

Grand Total: 197 creatures vanquished

Notes
Turn   | Place    | Note
--------------------------------------------------------------
     0 | Zot      | Jannitor, the Troll Monk, began the quest for the Orb.
     0 | Zot      | Reached XP level 1. HP: 22/22 MP: 1/1
   227 | Zot      | Reached XP level 2. HP: 29/29 MP: 1/1
   317 | Zot      | Reached XP level 3. HP: 33/36 MP: 2/2
   344 | Zot      | Noticed Woisixt
   357 | Zot      | Killed Woisixt the big kobold
   357 | Zot      | Reached skill level 5 in Unarmed Combat
   357 | Zot      | Reached XP level 4. HP: 45/45 MP: 2/2
   357 | Zot      | Reached XP level 5. HP: 53/53 MP: 2/2
   541 | Zot      | Noticed Budauduh
   554 | Zot      | Killed Budauduh the hill giant
   554 | Zot      | Reached skill level 5 in Fighting
   554 | Zot      | Reached skill level 5 in Dodging
   554 | Zot      | Reached skill level 6 in Unarmed Combat
   554 | Zot      | Reached XP level 6. HP: 26/66 MP: 3/3
   554 | Zot      | Reached XP level 7. HP: 28/72 MP: 3/3
   554 | Zot      | Reached XP level 8. HP: 31/80 MP: 3/3
   556 | Zot      | Became a worshipper of Jiyva Jiuz the Shapeless
   556 | Zot      | Acquired Jiyva's first power
   556 | Zot      | Acquired Jiyva's second power
   840 | Zot      | Noticed Sigmund
   851 | Zot      | Killed Sigmund
   862 | Zot      | Gained mutation: You can breathe flames. [Jiyva's grace]
   901 | Zot      | Reached skill level 7 in Unarmed Combat
   938 | Zot      | Acquired Jiyva's third power
   949 | Zot      | Noticed Menkaure
   953 | Zot      | Killed Menkaure
  1097 | Zot      | Gained mutation: You are robust (+10% HP). [Jiyva's grace]
  1208 | Zot      | Reached XP level 9. HP: 87/87 MP: 4/4
  1211 | Zot      | Acquired Jiyva's fourth power
  1224 | Zot      | Reached skill level 8 in Unarmed Combat
  1318 | Zot      | Noticed Schuadof
  1337 | Zot      | Killed Schuadof the deep elf knight
  1350 | Zot      | Gained mutation: Your mind is acute. (Int +2) [Jiyva's grace]
  1420 | Zot      | Reached skill level 9 in Unarmed Combat
  1502 | Zot      | Reached XP level 10. HP: 88/88 MP: 4/4
  1510 | Zot      | Noticed Hawl
  1593 | Zot      | Killed Hawl the orc knight
  1597 | Zot      | Noticed a red wasp
  1599 | Zot      | Gained mutation: You are partially covered in molten scales (AC +1). [Jiyva's grace]
  1603 | Zot      | Killed a red wasp
  1603 | Zot      | Reached skill level 10 in Unarmed Combat
  1604 | Zot      | Noticed a wolf spider
  1605 | Zot      | Noticed a wolf spider
  1608 | Zot      | Noticed a wolf spider
  1610 | Zot      | Killed a wolf spider
  1611 | Zot      | Noticed a wolf spider
  1615 | Zot      | Noticed a wolf spider
  1617 | Zot      | Killed a wolf spider
  1621 | Zot      | Noticed a wolf spider
  1622 | Zot      | Killed a wolf spider
  1623 | Zot      | Noticed a wolf spider
  1623 | Zot      | Killed a wolf spider
  1623 | Zot      | Reached XP level 11. HP: 17/100 MP: 1/4
  1625 | Zot      | Noticed a red wasp
  1631 | Zot      | HP: 2/150 [red wasp (11)]
  1631 | Zot      | Slain by a wolf spider

Action                   |  1- 3 |  4- 6 |  7- 9 | 10-12 || total
-------------------------+-------+-------+-------+-------++-------
Melee: Unarmed           |    37 |    18 |    45 |    31 ||   131
Invok: Slimify           |       |       |       |     1 ||     1
 Abil: Make oklob saplin |     1 |     2 |     7 |     8 ||    18
       Make burning bush |       |       |     5 |     3 ||     8
       Make altar        |       |       |     1 |       ||     1
       Make plant        |       |       |    16 |     1 ||    17
       Make net trap     |       |       |       |     2 ||     2
       Breathe Fire      |       |       |       |     1 ||     1
       Make spear trap   |       |       |       |     2 ||     2
       Make ice statue   |       |       |       |     1 ||     1
  Use: Potion            |       |       |       |     4 ||     4
 Stab: Distracted        |       |       |     1 |     3 ||     4
  Eat: Chunk             |       |     8 |     9 |       ||    17
